 Dungeon Crawl Stone Soup version 0.25-a0-1133-g93ebf739aa (webtiles) character file.

Game seed: 7500902754266544999, levelgen mode: classic

1383 Amnesiac the Archer (level 8, 0/44 HPs)
             Began as a Deep Elf Arcane Marksman on May 22, 2020.
             Slain by an orc warrior
             ... wielding a +0 scimitar
              (9 damage)
             ... on level 5 of the Dungeon.
             The game lasted 00:25:45 (7949 turns).

Amnesiac the Archer (Deep Elf Arcane Marksman)      Turns: 7949, Time: 00:25:46

Health: 0/44       AC:  8    Str:  9    XL:     8   Next: 40%
Magic:  4/12       EV: 15    Int: 19    God:
Gold:   73         SH:  0    Dex: 15    Spells: 1/10 levels left

rFire    . . .     SeeInvis .   w - +2 hand axe (elec)
rCold    . . .     Gourm    .   (no shield)
rNeg     . . .     Faith    .   p - +0 ring mail
rPois    .         Spirit   .   n - +1 helmet
rElec    .         Reflect  .   (no cloak)
rCorr    .         Harm     .   y - +0 pair of gloves
MR       .....                  (no boots)
Stlth    +.........             o - amulet of the acrobat
HPRegen  0.14/turn              g - +4 ring of evasion
MPRegen  0.13/turn              (no ring)

@: no status effects
A: no striking features
a: no special abilities


You were on level 5 of the Dungeon.
You were near starving.

You visited 1 branch of the dungeon, and saw 6 of its levels.

You collected 276 gold pieces.
You spent 203 gold pieces at shops.

Inventory:

Hand Weapons
 a - a +0 shortbow
 b - a +0 hunting sling
 t - a +0 glaive
 w - a +2 hand axe of electrocution (weapon)
Missiles
 c - 197 stones (quivered)
 q - 27 sling bullets
Armour
 n - a +1 helmet (worn)
 p - a +0 ring mail (worn)
 y - a +0 pair of gloves (worn)
Jewellery
 g - a +4 ring of evasion (left hand)
 o - an amulet of the acrobat (around neck)
Scrolls
 e - a scroll of fear {!r}
 h - a scroll of enchant armour {!r}
 i - 6 scrolls of remove curse {!r}
 m - a scroll of teleportation {!r}
Potions
 j - a potion of resistance {!q}
 k - 2 potions of cancellation {!q}
 l - a potion of curing {!q}
 r - a potion of flight {!q}
 s - a potion of heal wounds {!q}
 v - a potion of lignification {!q}
 x - a potion of mutation {!q}
 z - a potion of ambrosia {!q}
Comestibles
 f - 9 rations
 u - a chunk of flesh


   Skills:
 - Level 2.0 Fighting
 * Level 9.8 Bows
 - Level 2.4 Dodging
 - Level 1.5 Spellcasting
 + Level 7.6 Hexes


You had one spell level left.
You knew the following spells:

 Your Spells              Type           Power        Failure   Level  Hunger
a - Corona                Hex            ####...      2%          1    ##.....
b - Cause Fear            Hex            ####......   22%         4    #####..
e - Slow                  Hex            ####....     3%          2    ###....
v - Blink                 Tloc           N/A          58%         2    ###....

Your spell library contained the following spells:

 Spells                   Type           Power        Failure   Level  Hunger
 Magic Dart               Conj           #...         45%         1    ##.....
 Inner Flame              Hex/Fire       ###.....     30%         3    ####...
 Portal Projectile        Hex/Tloc       ###...       30%         3    ####...
 Call Imp                 Summ           #.......     58%         2    ###....
 Leda's Liquefaction      Hex/Erth       ###.......   71%         4    #####..
 Conjure Flame            Conj/Fire      #.......     83%         3    ####...
 Mephitic Cloud           Conj/Pois/Air  #.......     83%         3    ####...


Dungeon Overview and Level Annotations

Branches:
Dungeon (6/15)
 Temple: D:4-7

Altars:
Ashenzari
Cheibriados
Kikubaaqudgha
Makhleb
Nemelex Xobeh
Wu Jian
Xom
Zin

Shops:
D:4 ?   D:5 **(!?:

Annotations:
D:3 Grinder


Message History

Adjust which item? (? for menu, Esc to quit)
v - a +2 hand axe of electrocution Adjust to which letter? (? for menu, Esc to quit)
w - a +2 hand axe of electrocution;
v - a potion of lignification {!q}
Okay, then.
You hear the crackle of electricity.
w - a +2 hand axe of electrocution (weapon)
Casting: Corona (safe; 2% risk of failure)
Confirm with . or Enter, or press ? or * to list all spells.
Aiming: Slow (safe; 3% risk of failure)
Press: ? - help, Shift-Dir - straight line, f/p - orc warrior
Aim: an orc warrior, wielding a +0 scimitar and wearing a +0 plate armour (severely wounded, slow, chance to defeat MR: 70%)
The orc warrior seems to slow down.
Casting: Slow (safe; 3% risk of failure)
Confirm with . or Enter, or press ? or * to list all spells.
Aiming: Corona (safe; 2% risk of failure)
Press: ? - help, Shift-Dir - straight line, f/p - orc warrior
Aim: an orc warrior, wielding a +0 scimitar and wearing a +0 plate armour (severely wounded, slow, chance to defeat MR: 70%)
The orc warrior barely resists.
Casting: Corona (safe; 2% risk of failure)
Confirm with . or Enter, or press ? or * to list all spells.
Aiming: Corona (safe; 2% risk of failure)
Press: ? - help, Shift-Dir - straight line, f/p - orc warrior
Aim: an orc warrior, wielding a +0 scimitar and wearing a +0 plate armour (severely wounded, slow, chance to defeat MR: 70%)
The orc warrior is outlined in light.
You hit the orc warrior but do no damage.
The orc warrior is severely wounded.
The orc warrior hits you with a +0 scimitar.
* * * LOW HITPOINT WARNING * * *
You hit the orc warrior.
The orc warrior is severely wounded.
The orc warrior hits you with a +0 scimitar!
* * * LOW HITPOINT WARNING * * *
You aren't carrying any items that you can evoke without wielding.
Unknown command.
You are near starving!
Your ring mail prevents you from hitting the orc warrior.
The orc warrior is severely wounded.
The orc warrior barely misses you.
Unknown command.
The orc warrior stops glowing.
You hit the orc warrior but do no damage.
The orc warrior is severely wounded.
The orc warrior barely misses you.
Unknown command.
You hit the orc warrior.
The orc warrior is severely wounded.
Unknown command.
Unknown command.
You hit the orc warrior but do no damage.
The orc warrior is severely wounded.
The orc warrior closely misses you.
Unknown command.
Unknown command.
Casting: Corona (safe; 2% risk of failure)
Confirm with . or Enter, or press ? or * to list all spells.
Aiming: Corona (safe; 2% risk of failure)
Press: ? - help, Shift-Dir - straight line, f/p - orc warrior
Aim: an orc warrior, wielding a +0 scimitar and wearing a +0 plate armour (severely wounded, slow, chance to defeat MR: 70%)
The orc warrior is outlined in light.
You hit the orc warrior but do no damage.
The orc warrior is severely wounded.
The orc warrior hits you with a +0 scimitar!
You die...

#......#.........##......#.####.#
#......##.####.####...........#.#
#.#######[## #.# ########.#.##.#
#........).###.### #.#.##.#
#..........##....# #####.#.#..#
#..........''....# #.......#.##
#..........##....#####.....###.##
#.#..................#.....# #.##
#.#.............@o...#.....# #.##
..#......?.............##### #.##
.#......>.....♣.♣.♣.♣..# #.##
_..............⌠.∩.⌠...# #.##
.#####........♣.♣.♣.♣..# #... ..#
#.........∩.#.∩...# #### #.#
#........♣.♣.♣.♣..# # #.#
########..⌠.∩.⌠...# # #.#
#.♣.♣.♣.♣..# #


You could see an orc warrior (slow, corona).

Vanquished Creatures
  An orc warrior (D:4)
  A phantom (D:5)
  A sky beast (D:5)
  A centaur (D:4)
  2 scorpions
  2 howler monkeys (D:5)
  2 crimson imps (D:5)
  A bullfrog zombie (D:6)
  A jelly (D:5)
  A hound (D:4)
  A bullfrog skeleton (D:3)
  4 orc priests
  3 orc wizards (D:5)
  A centaur skeleton (D:4)
  Ijyb (D:3)
  An iguana (D:5)
  4 worker ants
  Robin (D:4)
  4 gnolls (D:6)
  6 adders
  4 shadow imps (D:5)
  An ooze (D:1)
  An adder skeleton (D:3)
  2 worms
  3 dart slugs
  A leopard gecko (D:6)
  33 orcs
  A ball python (D:5)
  4 bats
  3 giant cockroaches (D:1)
  17 goblins
  8 hobgoblins
  4 quokkas
  4 frilled lizards
  A jackal skeleton (D:4)
  7 kobolds
  A leopard gecko skeleton (D:4)
  A leopard gecko zombie (D:5)
  10 rats
145 creatures vanquished.

Notes
Turn   | Place    | Note
-------+----------+-------------------------------------------
     0 | D:1      | Amnesiac the Deep Elf Arcane Marksman began the quest for
                  | the Orb.
     0 | D:1      | Reached XP level 1. HP: 11/11 MP: 5/5
   103 | D:1      | Reached skill level 1 in Fighting
   366 | D:1      | Reached skill level 3 in Bows
   366 | D:1      | Reached XP level 2. HP: 7/16 MP: 3/6
   370 | D:1      | Learned a level 2 spell: Slow
   940 | D:2      | Reached XP level 3. HP: 20/20 MP: 3/7
  2032 | D:3      | Reached skill level 4 in Bows
  2032 | D:3      | Reached XP level 4. HP: 12/26 MP: 3/8
  2114 | D:3      | Found a shimmering altar of Xom.
  2261 | D:3      | Noticed an angel
  2264 | D:3      | Found a glowing silver altar of Zin.
  2264 | D:3      | Noticed Ijyb
  2524 | D:3      | Reached skill level 5 in Bows
  2524 | D:3      | Reached XP level 5. HP: 12/30 MP: 7/9
  2749 | D:3      | Killed Ijyb
  3046 | D:3      | Found a burning altar of Makhleb.
  3046 | D:3      | Noticed a blizzard demon
  3049 | D:3      | Noticed a neqoxec
  3049 | D:3      | Noticed an orange demon
  3075 | D:3      | Found an ornate altar of the Wu Jian Council.
  3075 | D:3      | Found an ancient bone altar of Kikubaaqudgha.
  3173 | D:3      | Noticed Grinder
  3180 | D:4      | Noticed Robin
  3213 | D:4      | Killed Robin
  3224 | D:4      | Reached skill level 6 in Bows
  3417 | D:3      | Found a snail-covered altar of Cheibriados.
  3512 | D:4      | Reached XP level 6. HP: 32/35 MP: 6/10
  3630 | D:4      | Noticed an orc warrior
  4022 | D:4      | Learned a level 4 spell: Cause Fear
  4230 | D:4      | Killed an orc warrior
  4230 | D:4      | Reached skill level 7 in Bows
  4230 | D:4      | Reached skill level 5 in Hexes
  4711 | D:4      | Found Giziceti's Magic Scroll Shoppe.
  4951 | D:5      | Entered Level 5 of the Dungeon
  5015 | D:5      | Reached XP level 7. HP: 26/40 MP: 6/11
  5386 | D:5      | Found an ancient bone altar of Kikubaaqudgha.
  5735 | D:5      | Found Wiqar's General Store.
  5741 | D:5      | Found a shattered altar of Ashenzari.
  5745 | D:5      | Found Hemiat's Assorted Antiques.
  5745 | D:5      | Found Udanoax's Antique Weapon Boutique.
  5777 | D:5      | Reached skill level 8 in Bows
  5909 | D:5      | Bought a potion of lignification for 33 gold pieces
  5909 | D:5      | Bought a potion of mutation for 88 gold pieces
  5909 | D:5      | Bought a +0 pair of gloves for 49 gold pieces
  5915 | D:5      | Found Keihak's Distillery.
  5923 | D:5      | Bought a coppery potion for 22 gold pieces
  6222 | D:5      | Learned a level 2 spell: Blink
  6441 | D:5      | Found Jyepise's Magic Scroll Emporium.
  6478 | D:5      | Found a sparkling altar of Nemelex Xobeh.
  6483 | D:5      | Bought a scroll of noise for 11 gold pieces
  6717 | D:5      | Reached XP level 8. HP: 43/44 MP: 5/12
  6781 | D:5      | Found Haix's Book Emporium.
  6818 | D:5      | Reached skill level 9 in Bows
  7949 | D:5      | Slain by an orc warrior

Illustrated notes

Levels and vault maps discovered:
D:1:      saegor_arrival_simple_a, layout_basic
D:2:      layout_basic
D:3:      layout_basic, grunt_temple_overflow_order_and_chaos_1,
          makhleb_altar_promises_db, kennysheep_slug_shrine,
          gammafunk_temple_overflow_wave, first_ration, uniq_grinder, uniq_ijyb
D:4:      layout_loops_ring, serial_shops, kennysheep_mini, uniq_robin
D:5:      layout_basic, lemuel_crystal_altar, overflow_temple_1_default,
          serial_shops, kennysheep_little_box, shop_scrolls, basic_altar,
          st_stairs_1, minmay_shop_grid_forest
D:6:      layout_gridville, nicolae_overflow_hidden_temple,
          lemuel_coloured_pillars_altar, nicolae_dithmenos_the_darkroom

Skill      XL: |  1  2  3  4  5  6  7  8 |
---------------+-------------------------+-----
Fighting       | 1 2 |  2.0
Bows           | 3 4 5 6 7 8 9 |  9.8
Hexes          | 5 6 7 |  7.6
Dodging        | |  2.4
Spellcasting   | |  1.5

Action                   |  1- 3 |  4- 6 |  7- 9 || total
-------------------------+-------+-------+-------++-------
Melee: Hand axe          |       |       |     7 ||     7
 Fire: Shortbow          |    90 |   267 |   299 ||   656
       Hunting sling     |       |    45 |       ||    45
Throw: Stone             |       |       |     4 ||     4
 Cast: Corona            |    34 |    72 |    78 ||   184
       Slow              |     8 |    40 |    56 ||   104
  Use: Scroll            |       |    11 |     2 ||    13
       Potion            |       |     4 |     2 ||     6
  Eat: Chunk             |     5 |     9 |    11 ||    25
       Ration            |       |     1 |     1 ||     2
Armor: Robe              |     2 |    10 |       ||    12
       Ring mail         |       |    14 |    44 ||    58
Dodge: Dodged            |    25 |   176 |   124 ||   325

Table legend:
 A = Non-vault XP
 B = Vault XP
 C = Vault XP percentage of total XP
 D = Non-vault monster count
 E = Vault monster count
 F = Vault count percentage of total count
                 A         B        C        D         E       F
            +---------+---------+-------+---------+---------+-------
      Total |    1834 |     142 |   7.2 |     128 |      17 |  11.7
            +---------+---------+-------+---------+---------+-------
        D:1 |      37 |       0 |   0.0 |      19 |       0 |   0.0
        D:2 |      42 |       0 |   0.0 |      11 |       0 |   0.0
        D:3 |     161 |      42 |  20.7 |      32 |       3 |   8.6
        D:4 |     523 |      34 |   6.1 |      21 |      12 |  36.4
        D:5 |     858 |      66 |   7.1 |      30 |       2 |   6.2
        D:6 |     213 |       0 |   0.0 |      15 |       0 |   0.0
            +---------+---------+-------+---------+---------+-------
